 Dungeon Crawl Stone Soup version 0.32-a0-391-gce5c0aab1b (webtiles) character file.

Game seed: 2437412325856132258

3 Sobieck the Chopper (level 1, 0/18 HPs)
             Began as a Coglin Berserker on Feb 19, 2024.
             Was a Follower of Trog.
             Constricted to death by a ball python (1 damage)
             ... on level 1 of the Dungeon.
             The game lasted 00:00:32 (57 turns).

Sobieck the Chopper (Coglin Berserker)                Turns: 57, Time: 00:00:32

Health: 0/18       AC:  2    Str: 17    XL:     1   Next: 50%
Magic:  1/1        EV:  9    Int:  6    God:    Trog [*.....]
Gold:   0          SH:  0    Dex: 13    Spells: 0/0 levels left

rFire   . . .        a - +0 hand axe {Niklaus}
rCold   . . .        (no shield)
rNeg    . . .        b - +0 animal skin
rPois   .            (no helmet)
rElec   .            (no cloak)
rCorr   .            (no gloves)
SInv    .            (no boots)
Will    .....        (no amulet)
Stlth   +            (no ring)
HPRegen 0.23/turn    (no ring)
MPRegen 0.07/turn

%: no passive effects
@: constricted, revved, stiff-legged, very slow
A: off-hand wielding, slow wielding, warmup strikes, warmup strides
a: Renounce Religion, Berserk


You were on level 1 of the Dungeon.
You worshipped Trog.
Trog was aware of your devotion.
You visited 1 branch of the dungeon, and saw 1 of its levels.

Inventory:

Hand Weapons
 a - a +0 hand axe (weapon) {Niklaus}
 c - a +0 whip
Armour
 b - a +0 animal skin (worn)


   Skills:
 + Level 3.0 Fighting
 * Level 3.0 Axes
 + Level 1.8 Armour
 + Level 1.8 Dodging
 + Level 0.3 Evocations


You couldn't memorise any spells.
You didn't know any spells.
Your spell library was empty.

Dungeon Overview and Level Annotations

Branches:
Dungeon (1/15)

Altars:


Innate Abilities, Weirdness & Mutations

You can wield a second weapon in your off-hand.
It takes a long time for you to wield or remove held weapons.
Your first few attacks do less damage.
Your first movements take longer.


Message History

You hit the ball python but do no damage.
You hit the goblin. The goblin hits you with a +0 dagger.
The ball python misses you. The ball python constricts you.
You hit the ball python but do no damage.
You miss the goblin. The ball python barely misses you.
The ball python constricts you.
* * * LOW HITPOINT WARNING * * *
The goblin barely misses you.
You barely miss the ball python. You barely miss the goblin.
The ball python bites you.
* * * LOW HITPOINT WARNING * * *
The ball python constricts you.
* * * LOW HITPOINT WARNING * * *
The goblin hits you with a +0 dagger.
* * * LOW HITPOINT WARNING * * *
The ball python closely misses you. The ball python constricts you.
* * * LOW HITPOINT WARNING * * *
You are too injured to fight recklessly!
You are too injured to fight recklessly!
You are too injured to fight recklessly!
Unknown command.
You hit the goblin.
You kill the goblin!
Trog accepts your kill.
You barely miss the ball python. The ball python barely misses you.
The ball python constricts you.
Unknown command.
You closely miss the ball python.
The ball python bites you but does no damage.
The ball python constricts you.
* * * LOW HITPOINT WARNING * * *
You hit the ball python.
The ball python is severely wounded.
The ball python bites you.
* * * LOW HITPOINT WARNING * * *
The ball python constricts you. The ball python bites you.
* * * LOW HITPOINT WARNING * * *
The ball python constricts you.
You closely miss the ball python.
The ball python is severely wounded.
The ball python bites you.
* * * LOW HITPOINT WARNING * * *
The ball python constricts you.
* * * LOW HITPOINT WARNING * * *
You closely miss the ball python.
The ball python is severely wounded.
The ball python bites you.
* * * LOW HITPOINT WARNING * * *
The ball python constricts you.
You die...

#......#..#
#..#####..#
######..# #..#
........#####..#
####...†....#..#
###.##.#####..#
#......#
####.#.#..#####
.......@......#
####.#S#)..####
#.......#
.........#
#####.......
#####.... #####


You could see a ball python.

Vanquished Creatures
  A goblin (D:1)
  A frilled lizard (D:1)
2 creatures vanquished.

Notes
Turn   | Place    | Note
-------+----------+-------------------------------------------
     0 | D:1      | Sobieck the Coglin Berserker began the quest for the Orb.
     0 | D:1      | Reached XP level 1. HP: 18/18 MP: 1/1
    57 | D:1      | Constricted to death by a ball python

Illustrated notes

Levels and vault maps discovered:
D:1:      dpeg_arrival_boxes_within_box, layout_loops_ring

Action                     || total
---------------------------++-------
  Melee: Hand axe          ||    12
 Armour: Animal skin       ||    12
  Dodge: Dodged            ||     6

Table legend: (Time is in decaauts)
 A = Elapsed time spent in this place.
 B = Non-inter-level travel time spent in this place.
 C = Inter-level travel time spent in this place.
 D = Time resting spent in this place.
 E = Time spent auto-exploring this place.
 F = Levels seen in this place.
 G = Mean time per level.
                   A        B        C        D        E       F      G
               +--------+--------+--------+--------+--------+-----+--------+
         Total |     59 |     59 |      0 |      0 |     33 |   1 |   59.0 |
       Dungeon |     59 |     59 |      0 |      0 |     33 |   1 |   59.0 |
               +--------+--------+--------+--------+--------+-----+--------+

Top non-repeatable levels by time:
     D:1: 59 daAuts
